 Dungeon Crawl Stone Soup version 0.30-a0-913-g9934a0ce24 (webtiles) character file.

Game seed: 15940974159978956436

22584 FallingFreak the Protected (level 13, -3/112 HPs)
             Began as a Ghoul Warper on Mar 18, 2023.
             Was an Elder of Okawaru.
             Slain by an orc knight
             ... wielding a +3 dire flail of draining
              (10 damage)
             ... on level 12 of the Dungeon on Mar 19, 2023.
             The game lasted 02:42:22 (23213 turns).

FallingFreak the Protected (Ghoul Warper)          Turns: 23213, Time: 02:42:23

Health: -3/112     AC: 20    Str: 24    XL:     13   Next: 1%
Magic:  9/23       EV: 15    Int: 17    God:    Okawaru [****..]
Gold:   948        SH:  0    Dex: 17    Spells: 15/26 levels left

rFire   . . .      SeeInvis .    a - +1 trident "Undertaker" {heavy, rElec rCorr Str+6 Stlth+}
rCold   + . .      Faith    .    (no shield)
rNeg    + + +      Spirit   .    M - quicksilver dragon scales of the Ladybird {Will+ Stlth+}
rPois   ∞          Reflect  .    (no helmet)
rElec   +          Rampage  .    F - +1 cloak of the Gate {Int+2}
rCorr   +                        s - +1 pair of gloves
Will    ++...                    (no boots)
Stlth   +++                      q - amulet of the acrobat {@P7}
HPRegen 0.00/turn                V - ring of Zeclopt {Wiz rN+}
MPRegen 0.18/turn                I - ring of Xeaguuz {Will+ Str+2 Int+3 Dex+9 Stlth-}

@: heroic, inhibited regen, studying Short Blades
A: claws 1, cold resistance 1, negative energy resistance 3, inhibited
regeneration, torment resistance 2, devour on kill
a: Renounce Religion, Heroism, Finesse


You were on level 12 of the Dungeon.
You worshipped Okawaru.
Okawaru was greatly pleased with you.
You visited 4 branches of the dungeon, and saw 16 of its levels.
You also visited: Sewer and Gauntlet.

You collected 1191 gold pieces.
You spent 243 gold pieces at shops.

Inventory:

Hand Weapons
 a - the +1 trident "Undertaker" (weapon) {heavy, rElec rCorr Str+6 Stlth+}
   (You found it in a Gauntlet)

   Str:       It affects your strength (+6).
   rElec:     It insulates you from electricity.
   rCorr:     It protects you from acid and corrosion.
   Stlth:     It makes you more stealthy.
 b - the +10 quarterstaff "Dragonslayer" {freeze, rC+}
   (You found it on level 6 of the Dungeon)

   rC:        It protects you from cold.
 w - the +5 quarterstaff "Puappoina" {flame, Will+}
   (You took it off an orc on level 6 of the Dungeon)

   Will:      It increases your willpower.
 D - a +2 antimagic battleaxe
 Z - a +2 sling of freezing
Missiles
 m - 47 poisoned darts (quivered)
 H - 4 silver javelins
 J - 3 boomerangs
 K - 5 curare-tipped darts
 N - 2 throwing nets {!f}
 X - 12 atropa-tipped darts
Armour
 d - the +1 scale mail of the Trilobite {rElec Int+3 Dex+3}
   (You bought it in a shop on level 2 of the Dungeon)

   Int:       It affects your intelligence (+3).
   Dex:       It affects your dexterity (+3).
   rElec:     It insulates you from electricity.
 s - a +1 pair of gloves (worn)
 A - a +1 scale mail of cold resistance
 F - the +1 cloak of the Gate (worn) {Int+2}
   (You found it in a Gauntlet)

   Int:       It affects your intelligence (+2).
 M - the quicksilver dragon scales of the Ladybird (worn) {Will+ Stlth+}
   (You took it off a minotaur in a Gauntlet)

   Will:      It increases your willpower.
   Stlth:     It makes you more stealthy.
 W - a +2 tower shield of cold resistance
Magical Staves
 S - a staff of fire {@w5!a}
Jewellery
 c - a ring of magical power
 i - the amulet "Sasequc" {Faith +Blink rPois Str+3 Slay-3}
   (You took it off a centaur on level 10 of the Dungeon)

   [amulet of faith]

   It allows you to gain divine favour quickly.
   Str:       It affects your strength (+3).
   Slay:      It affects your accuracy & damage with ranged weapons and melee
   (-3).
   rPois:     It protects you from poison.
   +Blink:    It lets you blink.
 j - an amulet of regeneration {@P0}
 p - a ring of protection from cold
 q - an amulet of the acrobat (around neck) {@P7}
 B - a ring of protection from cold
 C - a +6 ring of strength
 E - a ring of willpower
 I - the ring of Xeaguuz (right hand) {Will+ Str+2 Int+3 Dex+9 Stlth-}
   (You took it off a minotaur in a Gauntlet)

   [ring of willpower]

   Str:       It affects your strength (+2).
   Int:       It affects your intelligence (+3).
   Dex:       It affects your dexterity (+9).
   Will:      It increases your willpower.
   Stlth:     It makes you less stealthy.
 V - the ring of Zeclopt (left hand) {Wiz rN+}
   (You found it in a Gauntlet)

   [ring of wizardry]

   It improves your spell success rate.
   rN:        It protects you from negative energy.
Wands
 n - a wand of iceblast (7)
 o - a wand of flame (12)
 L - a wand of light (5)
 P - a wand of polymorph (5)
Scrolls
 e - a scroll of immolation {unknown}
 f - 2 scrolls of blinking
 g - 7 scrolls of teleportation
 h - 2 scrolls of magic mapping
 r - a scroll of vulnerability {unknown}
 t - 2 scrolls of amnesia
 u - a scroll of enchant weapon {unknown}
 v - a scroll of enchant armour
 x - 2 scrolls of brand weapon {unknown}
 y - 3 scrolls of fog
 G - 2 scrolls of poison
 T - a scroll of silence
 U - a scroll of torment
 Y - a scroll of fear {unknown}
Potions
 l - 4 potions of degeneration {unknown}
 z - 3 potions of curing
 O - a potion of brilliance {unknown}
 Q - 3 potions of resistance
 R - a potion of flight {unknown}
Miscellaneous
 k - a lightning rod (4/4)


   Skills:
 + Level 9.7(14.7) Fighting
 + Level 8.5(13.5) Polearms
 - Level 0.8(5.8) Throwing
 + Level 10.0(15.0) Armour
 - Level 1.7(6.7) Dodging
 - Level 7.4 Spellcasting
 + Level 3.0 Conjurations
 - Level 8.0 Translocations
 - Level 6.8 Invocations


You had 15 spell levels left.
You knew the following spells:

 Your Spells              Type           Power      Damage    Failure   Level
c - Blink                 Tloc           66%        N/A       1%          2
j - Manifold Assault      Tloc           33%        N/A       2%          4
A - Teleport Other        Tloc           33%        N/A       1%          3
Z - Lesser Beckoning      Tloc           66%        N/A       1%          2

Your spell library contained the following spells:

 Spells                   Type           Power      Damage    Failure   Level
 Magic Dart               Conj           64%        1d6       1%          1
 Gell's Gravitas          Tloc           33%        N/A       1%          3
 Searing Ray              Conj           32%        2d5       2%          2
 Portal Projectile        Hex/Tloc       38%        N/A       3%          3
 Vhi's Electric Charge    Tloc/Air       38%        N/A       3%          3
 Dazzling Flash           Conj/Hex       22%        N/A       10%         3
 Hailstorm                Conj/Ice       11%        3d5       10%         3
 Fulminant Prism          Conj/Hex       5%         3d7       32%         4
 Leda's Liquefaction      Hex/Erth       3%         N/A       50%         4
 Agony                    Necr           6%         N/A       82%         5
 Lee's Rapid Deconstruct  Erth           3%         3d5*      82%         5
 Silence                  Hex/Air        3%         N/A       82%         5
 Orb of Destruction       Conj           8%         9d6       100%        7
 Call Canine Familiar     Summ           Unusable   N/A       N/A         3
 Summon Guardian Golem    Hex/Summ       Unusable   N/A       N/A         3
 Ice Form                 Ice/Tmut       Unusable   N/A       N/A         4
 Simulacrum               Ice/Necr       Unusable   N/A       N/A         6
 Statue Form              Tmut/Erth      Unusable   N/A       N/A         6
 Spellforged Servitor     Conj/Summ      Unusable   N/A       N/A         7

Dungeon Overview and Level Annotations

Branches:
Dungeon (13/15) Zot: 25816  Temple (1/1) D:6 Zot: 5911    Lair (1/5) D:9 Zot: 5997
    Orc (1/2) D:12 Zot: 4976  Vaults (0/5) D:13          Sewer (visited)
Gauntlet (visited)

Altars:
Ashenzari
Cheibriados
Dithmenos
Fedhas
Gozag
Hepliaklqana
Kikubaaqudgha
Makhleb
Nemelex Xobeh
Okawaru
Qazlal
Ru
Sif Muna
Trog
Uskayaw
Vehumet
Wu Jian
Xom
Yredelemnul

Shops:
D:1 [   D:2 [   D:10 !(

Annotations:
D:4 Grinder
D:10 exclusion: orange crystal statue


Innate Abilities, Weirdness & Mutations

You are immune to poison.
You have sharp fingernails.
Your flesh is cold resistant. (rC+)
You are immune to negative energy. (rN+++)
You do not regenerate when monsters are visible.
You are immune to unholy pain and torment.
You thrive by killing the living.


Message History

* * * LOW HITPOINT WARNING * * *
Unknown command.
Reach: a) +1 trident "Undertaker" {heavy, rElec rCorr Str+6 Stlth+}
Press: ? - help, Dir - move target, f/p - orc knight
Aim: an orc knight, wielding a +3 dire flail of draining and wearing a +0 plate armour (moderately wounded, about 28% to evade the +1 trident "Undertaker")
You barely miss the orc knight.
The orc knight is moderately wounded.
The orc knight hits you with a +3 dire flail of draining!!
* * * LOW HITPOINT WARNING * * *
Unknown command.
Reach: a) +1 trident "Undertaker" {heavy, rElec rCorr Str+6 Stlth+}
Press: ? - help, Dir - move target, f/p - orc knight
Aim: an orc knight, wielding a +3 dire flail of draining and wearing a +0 plate armour (moderately wounded, about 28% to evade the +1 trident "Undertaker")
You puncture the orc knight!
The orc knight is heavily wounded.
The orc knight misses you.
Unknown command.
Reach: a) +1 trident "Undertaker" {heavy, rElec rCorr Str+6 Stlth+}
Press: ? - help, Dir - move target, f/p - orc knight
Aim: an orc knight, wielding a +3 dire flail of draining and wearing a +0 plate armour (heavily wounded, about 28% to evade the +1 trident "Undertaker")
You impale the orc knight!!
The orc knight is almost dead.
The orc knight hits you with a +3 dire flail of draining!
* * * LOW HITPOINT WARNING * * *
Unknown command.
Reach: a) +1 trident "Undertaker" {heavy, rElec rCorr Str+6 Stlth+}
Press: ? - help, Dir - move target, f/p - orc knight
Aim: an orc knight, wielding a +3 dire flail of draining and wearing a +0 plate armour (almost dead, about 28% to evade the +1 trident "Undertaker")
You hit the orc knight but do no damage.
The orc knight is almost dead.
The orc knight hits you with a +3 dire flail of draining!!
* * * LOW HITPOINT WARNING * * *
Unknown command.
Reach: a) +1 trident "Undertaker" {heavy, rElec rCorr Str+6 Stlth+}
Press: ? - help, Dir - move target, f/p - orc knight
Aim: an orc knight, wielding a +3 dire flail of draining and wearing a +0 plate armour (almost dead, about 28% to evade the +1 trident "Undertaker")
You hit the orc knight but do no damage.
The orc knight is almost dead.
The orc knight hits you with a +3 dire flail of draining!
You die...

#.......>#####..###..#######
#.......To@....##......###
#.......#########.#.##...#
#.....).# #.....####.##
##.......# ###.##.## #..##
####........# ###......#
##..# ##....########
#....##### ##.) #..####
####.##.# ### #.##
###.......##### #.#
####...##.#......##### # ##.#
#.........#..........# ###
##..#
####.#.[.#####......###.###..
#..####......### ####.###
#......
#........##############∩#
###.### #.####.###
#.........##.# #.### #####..#
#.#######.##.# ###....
#.....## #.#
###....#####...###


You could see an orc knight and a troll.

Vanquished Creatures
  A minotaur (Gauntlet)
  Erolcha (D:9)
  A two-headed ogre (D:11)
  A radroach (shapeshifter) (Gauntlet)
  A skeletal warrior (D:12)
  Pikel (D:5)
  A deep elf pyromancer (D:12)
  2 orc knights (D:12)
  2 manticores
  2 orc sorcerers
  An ice statue (D:12)
  A gargoyle (D:10)
  An unseen horror (D:12)
  5 yaktaurs (D:10)
  2 ice devils (D:11)
  2 kobold demonologists
  An efreet (D:13)
  A rime drake (D:9)
  A queen bee (Gauntlet)
  2 polar bears
  4 trolls
  3 hornets
  A dream sheep (shapeshifter) (Gauntlet)
  6 centaur simulacra (D:11)
  A culicivora (shapeshifter) (Gauntlet)
  2 wraiths (D:12)
  Eustachio (D:6)
  A basilisk (D:12)
  16 yaks
  A steam dragon (D:6)
  4 vampire mosquitoes (D:12)
  An acid dragon (D:12)
  A swamp worm (shapeshifter) (Gauntlet)
  Duvessa (D:6)
  3 water moccasins
  3 ice beasts
  9 orc warriors
  A black bear (D:7)
  2 wolves
  9 centaurs
  3 ogres (Orc:1)
  3 phantoms
  2 bullfrogs (D:7)
  5 kobold brigands
  A scorpion (D:7)
  A wyvern zombie (D:7)
  Dowan (D:6)
  11 killer bees
  An electric eel (D:11)
  A bullfrog zombie (D:7)
  5 centaur zombies (D:7)
  5 hounds
  3 jellies
  9 orc priests
  5 iguanas
  A gnoll bouda (D:7)
  Natasha (twice) (D:4 D:3)
  6 orc wizards
  4 adders
  13 gnolls
  4 white imps
  3 worms
  2 dart slugs
  52 orcs
  10 ball pythons
  5 bats
  6 endoplasms
  5 giant cockroaches
  12 goblins
  6 hobgoblins
  7 jackals
  23 kobolds
  9 quokkas
  3 frilled lizards
  4 rats
333 creatures vanquished.

Vanquished Creatures (others)
  10 fungi (D:4)
  7 plants
17 creatures vanquished.

Grand Total: 350 creatures vanquished

Notes
Turn   | Place    | Note
-------+----------+-------------------------------------------
     0 | D:1      | FallingFreak the Ghoul Warper began the quest for the Orb.
     0 | D:1      | Reached XP level 1. HP: 17/17 MP: 2/2
    99 | D:1      | Reached skill level 1 in Armour
   223 | D:1      | Reached XP level 2. HP: 25/25 MP: 3/3
   231 | D:1      | Learned a level 2 spell: Blink
   234 | D:1      | Learned a level 2 spell: Lesser Beckoning
   848 | D:1      | Found Jearecvi's Armour Emporium.
  1036 | D:2      | Increase (s)trength, (i)ntelligence, or (d)exterity?
  1036 | D:2      | Reached XP level 3. HP: 30/30 MP: 5/5
  1204 | D:2      | Identified the +5 falchion of Coofam {flame, Int+4 Stlth-}
  1231 | D:2      | Found Gyghozar's Antique Armour Emporium.
  1512 | D:2      | Found a faded altar of an unknown god.
  1557 | D:2      | Reached XP level 4. HP: 32/38 MP: 6/6
  2194 | D:3      | Found a glowing drain.
  2223 | Sewer    | Entered a sewer
  2282 | Sewer    | Noticed a water moccasin
  2302 | Sewer    | Killed a water moccasin
  2303 | Sewer    | Reached skill level 2 in Armour
  2303 | Sewer    | Reached XP level 5. HP: 15/45 MP: 6/8
  2568 | D:3      | Identified an amulet of regeneration
  2969 | D:3      | Learned a level 3 spell: Teleport Other
  3058 | D:4      | Found a blossoming altar of Fedhas.
  3102 | D:4      | Reached XP level 6. HP: 39/52 MP: 9/9
  3288 | D:4      | Noticed Natasha
  4022 | D:3      | Reached skill level 3 in Armour
  4378 | D:4      | Killed Natasha
  4460 | D:4      | Reached XP level 7. HP: 41/60 MP: 11/11
  5218 | D:4      | Noticed Natasha
  5231 | D:3      | Killed Natasha
  5301 | D:5      | Entered Level 5 of the Dungeon
  5331 | D:5      | Found a shimmering blue altar of Sif Muna.
  5665 | D:5      | Noticed Grinder
  5671 | D:5      | Paralysed by Grinder for 4 turns
  5678 | D:5      | Paralysed by Grinder for 3 turns
  5695 | D:5      | Paralysed by Grinder for 5 turns
  5730 | D:5      | Paralysed by Grinder for 4 turns
  5955 | D:5      | Reached skill level 5 in Fighting
  5959 | D:5      | HP: 2/61 [centaur (3)]
  5961 | D:5      | Reached XP level 8. HP: 8/68 MP: 11/13
  6215 | D:5      | Reached skill level 4 in Armour
  6326 | D:5      | Noticed Pikel
  6423 | D:5      | HP: 3/68 [Pikel/+0 whip of freezing (4)]
  6424 | D:5      | Killed Pikel
  6425 | D:5      | Reached skill level 5 in Translocations
  7732 | D:5      | Found a hazy altar of Hepliaklqana.
  8307 | D:6      | Noticed Dowan
  8368 | D:6      | Identified the +10 quarterstaff "Dragonslayer" {freeze,
                  | rC+}
  8412 | D:6      | Found a shadowy altar of Dithmenos.
  8570 | D:6      | Noticed Duvessa
  8743 | D:6      | Noticed Eustachio
  8776 | D:6      | You miscast Blink.
  8823 | D:6      | Killed Eustachio
  8824 | D:6      | Reached skill level 5 in Armour
  8824 | D:6      | Reached skill level 5 in Spellcasting
  8824 | D:6      | Increase (s)trength, (i)ntelligence, or (d)exterity?
  8824 | D:6      | Reached XP level 9. HP: 67/78 MP: 12/15
  8825 | D:6      | Killed Duvessa
  8831 | D:6      | Killed Dowan
  9098 | D:6      | A sourceless malevolence fills the Dungeon...
  9116 | D:6      | Noticed a hornet
  9126 | D:6      | Killed a hornet
  9288 | D:6      | Identified the +5 quarterstaff "Puappoina" {flame, Will+}
 10221 | D:6      | Found a staircase to the Ecumenical Temple.
 10227 | Temple   | Entered the Ecumenical Temple
 10253 | Temple   | Became a worshipper of Warmaster Okawaru
 10507 | D:2      | Bought a polished scale mail for 243 gold pieces
 10507 | D:2      | Identified the +1 scale mail of the Trilobite {rElec Int+3
                  | Dex+3} (You bought it in a shop on level 2 of the Dungeon)
 10764 | D:7      | Upgraded the game from 0.30-a0-883-g5ad918d77d to
                  | 0.30-a0-900-g23479c02f2
 11072 | D:7      | Identified the +1 kite shield of Jubriqun {rF+++ rC- rCorr
                  | Int+5}
 11430 | D:7      | Reached skill level 6 in Armour
 11466 | D:7      | Reached * piety under Okawaru
 11521 | D:7      | Found a basalt altar of Yredelemnul.
 12293 | D:8      | Reached skill level 1 in Invocations
 12325 | D:8      | Noticed a manticore
 12339 | D:8      | Killed a manticore
 12340 | D:8      | Reached XP level 10. HP: 55/86 MP: 17/17
 12524 | D:8      | Reached ** piety under Okawaru
 12599 | D:8      | Found an opulent altar of Gozag.
 12743 | D:8      | Found a hide-covered altar of Uskayaw.
 13289 | D:9      | Noticed a kobold demonologist
 13301 | D:9      | Killed a kobold demonologist
 13368 | D:9      | Found a stormy altar of Qazlal.
 13454 | D:9      | Reached skill level 7 in Armour
 13548 | D:9      | Reached *** piety under Okawaru
 13604 | D:9      | Found a staircase to the Lair.
 13733 | D:9      | Noticed Erolcha
 13757 | D:9      | Killed Erolcha
 13757 | D:9      | Reached **** piety under Okawaru
 13758 | D:9      | Reached skill level 5 in Polearms
 14208 | D:9      | Found a sparkling altar of Nemelex Xobeh.
 14343 | Lair:1   | Entered Level 1 of the Lair of Beasts
 14343 | Lair:1   | Noticed a cane toad
 14397 | D:10     | Entered Level 10 of the Dungeon
 14397 | D:10     | Noticed a two-headed ogre
 14483 | D:10     | Noticed an orange crystal statue
 14518 | D:10     | Found a snail-covered altar of Cheibriados.
 14618 | D:10     | Identified the amulet "Sasequc" {Faith +Blink rPois Str+3
                  | Slay-3}
 14624 | D:10     | Reached XP level 11. HP: 91/92 MP: 17/20
 14725 | D:10     | Found Dyaweisk's Antique Weapon Emporium.
 14750 | D:10     | Found Huschemn's Distillery.
 14960 | D:10     | Found a radiant altar of Vehumet.
 15244 | D:10     | You miscast Lesser Beckoning.
 15736 | D:10     | Reached skill level 8 in Armour
 15821 | D:10     | Reached ***** piety under Okawaru
 16887 | D:11     | Noticed a two-headed ogre
 16904 | D:11     | Killed a two-headed ogre
 16905 | D:11     | Reached skill level 5 in Invocations
 16959 | D:11     | A sourceless malevolence fills the Dungeon... and a
                  | teleportation trap spontaneously manifests!
 16959 | D:11     | Noticed a manticore
 17718 | D:11     | Killed a manticore
 17718 | D:11     | Received a gift from Okawaru
 17918 | D:11     | Reached XP level 12. HP: 39/101 MP: 16/22
 18320 | D:11     | Noticed a two-headed ogre
 18832 | D:12     | Reached skill level 9 in Armour
 18878 | D:12     | Found a gate leading to a gauntlet.
 18886 | Gauntlet | Entered a Gauntlet
 18886 | Gauntlet | Found a transporter.
 18886 | Gauntlet | Found a transporter.
 18886 | Gauntlet | Found a transporter.
 18887 | Gauntlet | Found a transporter.
 18890 | Gauntlet | Found a transporter.
 18890 | Gauntlet | Found a transporter.
 18900 | Gauntlet | Found a transporter.
 18904 | Gauntlet | Found a transporter.
 18909 | Gauntlet | Noticed a death yak
 18909 | Gauntlet | Noticed a death yak
 18914 | Gauntlet | Noticed a death yak
 18916 | Gauntlet | Found a transporter.
 19016 | Gauntlet | Found a transporter.
 19020 | Gauntlet | Found a transporter.
 19033 | Gauntlet | Noticed a spark wasp
 19036 | Gauntlet | Found a transporter.
 19040 | Gauntlet | a spark wasp changed into a bunyip
 19040 | Gauntlet | Noticed a bunyip (glowing shapeshifter)
 19041 | Gauntlet | a bunyip changed into a great orb of eyes
 19041 | Gauntlet | Noticed a great orb of eyes (glowing shapeshifter)
 19043 | Gauntlet | a great orb of eyes changed into an emperor scorpion
 19043 | Gauntlet | Noticed an emperor scorpion (glowing shapeshifter)
 19046 | Gauntlet | an emperor scorpion changed into an alligator
 19046 | Gauntlet | Noticed an alligator (glowing shapeshifter)
 19049 | Gauntlet | an alligator changed into a goliath frog
 19056 | Gauntlet | Noticed an anaconda
 19057 | Gauntlet | an anaconda changed into a shock serpent
 19057 | Gauntlet | Noticed a shock serpent (glowing shapeshifter)
 19060 | Gauntlet | a shock serpent changed into an eye of devastation
 19384 | Gauntlet | Noticed a radroach
 19416 | Gauntlet | Killed a radroach
 19429 | Gauntlet | Identified the +1 cloak of the Gate {Int+2}
 19441 | Gauntlet | Upgraded the game from 0.30-a0-900-g23479c02f2 to
                  | 0.30-a0-913-g9934a0ce24
 19452 | Gauntlet | Identified the quicksilver dragon scales of the Ladybird
                  | {Will+ Stlth+}
 19452 | Gauntlet | Identified the ring of Xeaguuz {Will+ Str+2 Int+3 Dex+9
                  | Stlth-}
 19452 | Gauntlet | Noticed a minotaur
 19461 | Gauntlet | Killed a minotaur
 19476 | Gauntlet | Identified the ring of Zeclopt {Wiz rN+}
 19480 | Gauntlet | Identified the +1 trident "Undertaker" {heavy, rElec rCorr
                  | Str+6 Stlth+}
 19506 | Gauntlet | Learned a level 4 spell: Manifold Assault
 20059 | D:12     | You miscast Manifold Assault.
 20137 | D:12     | Found a staircase to the Orcish Mines.
 20202 | D:12     | Reached skill level 1 in Conjurations
 21624 | D:13     | Found a gate to the Vaults.
 21624 | D:13     | Noticed a vault guard
 21624 | D:13     | Noticed a vault guard
 21624 | D:13     | Noticed a vault guard
 21624 | D:13     | Noticed a vault guard
 21661 | Orc:1    | Entered Level 1 of the Orcish Mines
 21836 | Orc:1    | Noticed an ettin
 23051 | D:12     | Reached XP level 13. HP: 112/112 MP: 21/23
 23137 | Orc:1    | Found a bloodstained altar of Trog.
 23196 | Orc:1    | Reached skill level 10 in Armour
 23213 | D:12     | Slain by an orc knight

Illustrated notes

Levels and vault maps discovered:
D:1:      mrwooster_arrival_statue_3, layout_basic, serial_shops,
          nicolae_shop_trees
D:2:      layout_basic, dreamdust_ecumenical_altar_grove, serial_shops,
          nicolae_square_shop
D:3:      layout_loops_corners, portal_sewer_entry_f,
          corexii_item_surrounded_by_moat, kennysheep_cross_room
D:4:      layout_basic, fedhas_altar_3, grunt_ministairs_13, uniq_natasha
D:5:      minmay_general_purpose_star, layout_basic,
          nicolae_hepliaklqana_hippocampus, lemuel_crystal_altar,
          minmay_manual_mares, uniq_pikel, uniq_grinder
D:6:      layout_loops_ring, mainiacjoe_overflow_alcove_2, temple_fountains,
          uniq_eustachio, uniq_duvessa
D:7:      layout_layer_cave, lemuel_doored_altar,
          nicolae_yredelemnul_corpse_copse, enter_bailey_3
D:8:      layout_loops_ring, nicolae_uskayaw_suspiria,
          nicolae_gozag_seed_capital, serial_bayou_pond_a
D:9:      layout_loops_ring, nemelex_spade_bored_becter, grunt_qazlal_clouds,
          hellmonk_lair_entry_icy, serial_aquarium, aquarium_bridge_long_joined
          [aquarium_subvault_bridge, aquarium_subvault_wall,
          aquarium_subvault_window, aquarium_subvault_window,
          aquarium_subvault_bridge, aquarium_subvault_wall], aquarium_window_1,
          aquarium_window_fake, aquarium_window_1, aquarium_view_2f,
          aquarium_view_2e, uniq_erolcha
D:10:     layout_basic, mainiacjoe_overflow_catwalk, cheibrodos_worm_habitat,
          serial_shops, shop, shop, minmay_protected_statue
D:11:     layout_basic, serial_ice, serial_ice_h, serial_ice_i, serial_ice_d,
          serial_ice_m, portal_ice_cave_demonic_guard
D:12:     lemuel_ice_statue, layout_rooms, orc_0_dummy, gauntlet_entry_generic
D:13:     layout_roguey, erik_vaults_2
Temple:   nicolae_temple_ecumenical_triangle
Lair:1:   layout_regular_city, pdpol_lair_neglected_garden,
          infiniplex_staircase_pool
Orc:1:    layout_caves, lemuel_statue_altar, nicolae_shop_self_help

Skill      XL: |  1  2  3  4  5  6  7  8  9 10 11 12 13 |
---------------+----------------------------------------+-----
Armour         | 1 2 3 5 6 7 8 9 10 | 10.0
Spellcasting   | 2 3 4 5 6 7 |  7.4
Translocations | 3 4 5 7 8 |  8.0
Fighting       | 3 4 5 6 7 9 |  9.7
Polearms       | 3 5 7 8 |  8.5
Invocations    | 2 5 6 |  6.8
Conjurations   | 3 |  3.0
Throwing       | |  0.8
Dodging        | |  1.7

Action                     |  1- 3 |  4- 6 |  7- 9 | 10-12 | 13-15 || total
---------------------------+-------+-------+-------+-------+-------++-------
  Melee: Spear             |   105 |       |       |       |       ||   105
         Falchion          |    39 |   142 |   123 |       |       ||   304
         Punch             |     1 |     2 |     2 |       |       ||     5
         Quarterstaff      |       |       |   152 |   436 |       ||   588
         Trident           |       |       |       |   158 |    24 ||   182
  Throw: Dart              |     6 |    23 |    86 |   113 |     5 ||   233
         Boomerang         |       |     7 |       |       |       ||     7
   Cast: Lesser Beckoning  |       |     4 |    28 |    39 |     1 ||    72
         Blink             |       |     2 |     7 |     9 |       ||    18
         Teleport Other    |       |       |     1 |    11 |       ||    12
         Manifold Assault  |       |       |       |    13 |     4 ||    17
 Invoke: Heroism           |       |       |       |     9 |     1 ||    10
         Finesse           |       |       |       |     2 |       ||     2
  Evoke: Wand              |       |       |       |    23 |       ||    23
    Use: Potion            |       |     3 |     3 |     1 |       ||     7
         Scroll            |       |     1 |     4 |    13 |       ||    18
   Stab: Distracted        |       |       |       |     1 |       ||     1
         Sleeping          |       |       |       |     1 |       ||     1
 Armour: Leather armour    |    41 |    58 |    10 |       |       ||   109
         Ring mail         |       |       |   109 |       |       ||   109
         Scale mail        |       |       |    69 |   246 |       ||   315
         Quicksilver drago |       |       |       |    60 |     3 ||    63
  Dodge: Dodged            |    62 |   102 |   146 |   333 |    16 ||   659

Table legend: (Time is in decaauts)
 A = Elapsed time spent in this place.
 B = Non-inter-level travel time spent in this place.
 C = Inter-level travel time spent in this place.
 D = Time resting spent in this place.
 E = Time spent auto-exploring this place.
 F = Levels seen in this place.
 G = Mean time per level.
                   A        B        C        D        E       F      G
               +--------+--------+--------+--------+--------+-----+--------+
         Total |  23472 |  22140 |   1332 |   8016 |   8916 |  18 | 1304.0 |
       Dungeon |  21488 |  20175 |   1313 |   7308 |   8383 |  13 | 1652.9 |
        Temple |     88 |     69 |     19 |      0 |     30 |   1 |   88.0 |
          Lair |      2 |      2 |      0 |      0 |      0 |   1 |    2.0 |
  Orcish Mines |   1023 |   1023 |      0 |    441 |    251 |   1 | 1023.0 |
         Sewer |    261 |    261 |      0 |    109 |     96 |   1 |  261.0 |
      Gauntlet |    608 |    608 |      0 |    158 |    156 |   1 |  608.0 |
               +--------+--------+--------+--------+--------+-----+--------+

Top non-repeatable levels by time:
     D:5: 3069 daAuts
    D:12: 2418 daAuts
     D:3: 2352 daAuts
    D:10: 2256 daAuts
    D:11: 2094 daAuts
     D:6: 2021 daAuts
     D:7: 1562 daAuts
     D:9: 1469 daAuts
     D:4: 1209 daAuts
     D:1: 1073 daAuts
   Orc:1: 1023 daAuts
     D:8: 990 daAuts
     D:2: 815 daAuts
Gauntlet: 608 daAuts
   Sewer: 261 daAuts
